 Dungeon Crawl Stone Soup version 0.29.1-12-g30fa7ad0bf (webtiles) character file.

Game seed: 17053789303107833509

32 Barneous the Stinger (level 3, -2/21 HPs)
             Began as an Octopode Venom Mage on Dec 16, 2022.
             Killed from afar by Sigmund (8 damage)
             ... with a magic dart
             ... on level 3 of the Dungeon.
             The game lasted 00:04:49 (1737 turns).

Barneous the Stinger (Octopode Venom Mage)          Turns: 1737, Time: 00:04:49

Health: -2/21      AC:  1    Str:  7    XL:     3   Next: 27%
Magic:  2/6        EV: 13    Int: 19    God:
Gold:   70         SH:  0    Dex: 12    Spells: 3/6 levels left

rFire   . . .      SeeInvis .   b - +0 short sword
rCold   . . .      Faith    .   (no shield)
rNeg    . . .      Spirit   .   (helmet restricted)
rPois   .          Reflect  .   (no amulet)
rElec   .          Harm     .   (no ring)
rCorr   .          Rampage  .   (no ring)
Will    .....                   (no ring)
Stlth   +++.......              (no ring)
HPRegen 0.07/turn               (no ring)
MPRegen 0.10/turn               (no ring)
                                (no ring)
                                (no ring)

@: no status effects
A: almost no armour, amphibious, 8 rings, camouflage 1, gelatinous body 1,
(nimble swimmer 1), tentacles
a: no special abilities


You were on level 3 of the Dungeon.
You visited 1 branch of the dungeon, and saw 3 of its levels.

You collected 70 gold pieces.

Inventory:

Hand Weapons
 b - a +0 short sword (weapon)
Scrolls
 c - a scroll of identify
Potions
 a - a potion of magic


   Skills:
 + Level 0.2 Fighting
 + Level 0.3 Short Blades
 + Level 2.1 Dodging
 + Level 3.1 Stealth
 + Level 0.7 Unarmed Combat
 + Level 2.2 Spellcasting
 + Level 1.4 Transmutations
 + Level 4.0 Poison Magic


You had 3 spell levels left.
You knew the following spells:

 Your Spells              Type           Power      Damage    Failure   Level
a - Sting                 Tmut/Pois      48%        1d5       5%          1
b - Poisonous Vapours     Pois/Air       18%        N/A       11%         2

Your spell library contained the following spells:

 Spells                   Type           Power      Damage    Failure   Level
 Mephitic Cloud           Conj/Pois/Air  7%         N/A       28%         3
 Olgreb's Toxic Radiance  Pois           17%        N/A       30%         4


Dungeon Overview and Level Annotations

Branches:
Dungeon (2/15)

Altars:

Annotations:
D:3 Sigmund


Innate Abilities, Weirdness & Mutations

You cannot wear most types of armour.
You are amphibious.
You can wear up to eight rings at the same time.
Your skin changes colour to match your surroundings (Stealth+).
Your rubbery body absorbs attacks. (AC +1, EV +1)
((You are camouflaged when in or above water. (Stealth+)))
You have tentacles for arms and can constrict up to eight enemies at once.


Message History

There is an entrance to a sewer on this level.
Hurry and find it before the portal rusts away!
Found 5 poisoned darts.
Found a mace.
You see here a +0 mace.
You feel your willpower return.
Found a stone staircase leading down.
Found an escape hatch in the floor.
Sigmund the Dreaded comes into view.
He is wielding a +3 vampiric scythe.
Found a leather armour.
Aiming: Sting (safe; 5% risk of failure)
Press: ? - help, Q - select action, (/) - cycle Shift-Dir - straight line, f - Sigmund
Aim: Sigmund, wielding a +3 vampiric scythe and wearing a +0 robe (asleep, 100% to hit)
The sting hits Sigmund.
Sigmund is poisoned.
Sigmund is moderately wounded.
Aiming: Sting (safe; 5% risk of failure)
Press: ? - help, Q - select action, (/) - cycle Shift-Dir - straight line, f/p - Sigmund
Aim: Sigmund, wielding a +3 vampiric scythe and wearing a +0 robe (moderately wounded, poisoned, 68% to hit)
The sting hits Sigmund.
Sigmund looks even sicker.
Sigmund is moderately wounded.
Sigmund casts a spell at you. The puff of flame hits you!
Ouch! That really hurt!
Aiming: Sting (safe; 5% risk of failure)
Press: ? - help, Q - select action, (/) - cycle Shift-Dir - straight line, f/p - Sigmund
Aim: Sigmund, wielding a +3 vampiric scythe and wearing a +0 robe (moderately wounded, very poisoned, 68% to hit)
The sting hits Sigmund.
Sigmund looks even sicker.
Sigmund is heavily wounded.
Sigmund gestures at you while chanting. The magic dart hits you.
* * * LOW HITPOINT WARNING * * *
Okay, then.
Aiming: Sting (safe; 5% risk of failure)
Press: ? - help, Q - select action, (/) - cycle Shift-Dir - straight line, f/p - Sigmund
Aim: Sigmund, wielding a +3 vampiric scythe and wearing a +0 robe (heavily wounded, very poisoned, 68% to hit)
The sting hits Sigmund.
Sigmund looks as sick as possible!
Sigmund is severely wounded.
Sigmund completely misses you. Sigmund casts a spell at you.
The magic dart hits you!
You die...

######### #....>...#
#####.######.#
#..........#.###
#.###.####..>..
#######.###.## [..#
........##...###?..#
#....#...@...#
#.##.@.###.#.#
#.###.## .# #.# #.#
.# #.# #.# .# #.#
#.# ## #.# #.. #.#
### #.# #.#


You could see Sigmund (very poisoned).

Vanquished Creatures
  A dart slug (D:1)
  5 ball pythons
  7 bats (D:1)
  An endoplasm (D:1)
  2 giant cockroaches
  2 goblins (D:1)
  4 hobgoblins (D:1)
  2 frilled lizards
  3 kobolds
  2 rats (D:1)
29 creatures vanquished.

Notes
Turn   | Place    | Note
-------+----------+-------------------------------------------
     0 | D:1      | Barneous the Octopode Venom Mage began the quest for the
                  | Orb.
     0 | D:1      | Reached XP level 1. HP: 11/11 MP: 3/3
   570 | D:1      | Reached XP level 2. HP: 17/17 MP: 5/5
   632 | D:1      | Found a faded altar of an unknown god.
   890 | D:1      | Reached skill level 4 in Poison Magic
  1263 | D:1      | Reached XP level 3. HP: 21/21 MP: 4/6
  1688 | D:2      | Learned a level 2 spell: Poisonous Vapours
  1691 | D:2      | You fall into a shaft and drop 1 floor!
  1729 | D:3      | Noticed Sigmund
  1737 | D:3      | Killed from afar by Sigmund

Illustrated notes

Levels and vault maps discovered:
D:1:      minmay_arrival_doors, layout_loops_corners,
          shapermc_ecumenical_altar_totnotflames,
          chequers_serial_rivers_micro_e, serial_park_tiny_pond,
          minmay_misc_feat_rows
D:2:      layout_basic, uniq_terence
D:3:      layout_loops_ring, ashenzari_altar_1, gup_sewer_entry_bowl,
          uniq_sigmund

Skill      XL: |  1  2  3 |
---------------+----------+-----
Poison Magic   | 4 |  4.0
Stealth        | 3 |  3.1
Fighting       | |  0.2
Short Blades   | |  0.3
Dodging        | |  2.1
Unarmed Combat | |  0.7
Spellcasting   | |  2.2
Transmutations | |  1.4

Action                   || total
-------------------------++-------
Melee: Unarmed           ||    13
       Tentacles         ||    12
       Constrict         ||    15
       Short sword       ||    35
       Punch             ||     2
 Cast: Sting             ||    13
  Use: Scroll            ||     5
       Potion            ||     1
 Stab: Sleeping          ||    11
Armor: Skin              ||     1
Dodge: Dodged            ||    27
